 Dungeon Crawl Stone Soup version 0.19.4-8-ga85b6b9 (console) character file.

1668 Grinner the Skirmisher (level 8, 0/47 HPs)
             Began as a Spriggan Transmuter on Feb 9, 2017.
             Slain by a vampire (12 damage)
             ... on level 7 of the Dungeon on Feb 10, 2017.
             The game lasted 00:23:23 (6372 turns).

Grinner the Skirmisher (Spriggan Transmuter)        Turns: 6372, Time: 00:23:24

Health: 0/47       AC:  5    Str:  8    XL:     8   Next: 69%
Magic:  10/13      EV: 29    Int: 14    God:
Gold:   192        SH:  0    Dex: 26    Spells: 4 memorised, 0 levels left

rFire  . . .     SeeInvis +       - Unarmed
rCold  . . .     Gourm    +     (armour currently unavailable)
rNeg   . . .     Faith    .     (shield currently unavailable)
rPois  x         Spirit   .     (helmet currently unavailable)
rElec  .         Reflect  .     (cloak currently unavailable)
rCorr  .         Harm     .     (gloves unavailable)
MR     +....                    (boots unavailable)
Stlth  +++.......               m - amulet of the gourmand
                                u - +3 ring of protection
                                r - +4 ring of dexterity

@: spider-form (expiring)
A: unfitting armour, (talons 0), see invisible, herbivore 3, (speed 0), slow
metabolism 2
a: End Transformation


You were on level 7 of the Dungeon.
You were not hungry.
You were a venomous arachnid creature.
You visited 1 branch of the dungeon, and saw 7 of its levels.

You collected 302 gold pieces.
You spent 110 gold pieces at shops.

Inventory:

Hand Weapons
 a - a +3 dagger of venom (melded)
Armour
 t - a +1 robe (melded)
Jewellery
 h - an uncursed ring of protection from cold
 m - an amulet of the gourmand (around neck)
 p - an uncursed ring of flight
 r - a +4 ring of dexterity (left front leg)
 u - a +3 ring of protection (right front leg)
Wands
 i - a wand of confusion (18/48)
 w - a wand of lightning (4/15)
Scrolls
 b - a scroll of teleportation
 e - a scroll of fog
 k - a scroll of enchant weapon
 s - a scroll of remove curse
 x - a scroll of amnesia
Potions
 f - a potion of cancellation {unknown}
 g - a potion of mutation
 j - a potion of brilliance
 l - a potion of lignification
 n - a potion of resistance
 o - a potion of cure mutation
 v - a potion of agility
 z - a potion of beneficial mutation {unknown}
 A - a potion of curing
 B - a potion of berserk rage {unknown}
Books
 c - a book of Changes

   Spells                             Type                      Level
   a - Beastly Appendage              Transmutation                1
   b - Sticks to Snakes               Transmutation                2
   c - Spider Form                    Transmutation/Poison         3
   d - Ice Form                       Ice/Transmutation            4
   e - Blade Hands                    Transmutation                5
Comestibles
 d - 5 bread rations
 q - 2 royal jellies


   Skills:
 - Level 7.6 Fighting
 + Level 7.2 Short Blades
 * Level 7.5 Dodging
 + Level 2.4 Stealth
 * Level 2.9 Unarmed Combat
 + Level 3.3 Spellcasting
 + Level 3.6 Transmutations


You couldn't memorise any spells.
You knew the following spells:

 Your Spells              Type           Power        Failure   Level  Hunger
a - Ice Form              Ice/Tmut       #.......     97%         4    #####..
s - Spider Form           Tmut/Pois      #.........   52%         3    ###....
x - Blade Hands           Tmut           ##........   99%         5    ######.
z - Beastly Appendage     Tmut           ##....       14%         1    #......


Dungeon Overview and Level Annotations

Branches:
Dungeon (7/15)
 Temple: D:4-7

Altars:

Shops:
D:4 ?

Annotations:
D:4 mysticrevenge's ghost, weakling OgBe


Innate Abilities, Weirdness & Mutations

You are very small and have problems with some larger weapons.
You are too small for most types of armour.
You have supernaturally acute eyesight. (SInv)
You are a herbivore.
((You cover ground extremely quickly.))
You need consume almost no food.
((You have sharp toenails.))


Message History

The vampire casts a spell at you. You resist with almost no effort.
You hit the vampire but do no damage. The vampire completely misses you.
The vampire closely misses you.
You hit the vampire.
The vampire is lightly damaged.
The vampire hits you! The vampire bites you.
* * * LOW HITPOINT WARNING * * *
The vampire draws strength from your injuries!
You are too injured to fight recklessly!
You are too injured to fight recklessly!
It was a potion of mutation.
You feel extremely strange.
You feel less energetic.
Your toenails lengthen and sharpen.
You feel more energetic.
Your transformation is almost over.
The vampire hits you!
* * * LOW HITPOINT WARNING * * *
The vampire completely misses you.
You feel better. The vampire barely misses you. The vampire bites you!
You die...

#.#.# .# #.#.# ##.##
## #.#.###...# ...
######.........##.#
#.................##
....................
.#.................
#.......##...##.#.#
#..........s.......
###.#.#.##..V.#.#..
#...#.##.##.# #
##..#.##.# ...
#..#.##.# ###
#..#.##.# #.. ..


You could see a vampire (invisible).

Vanquished Creatures
  Eustachio (D:4)
  An ice beast (D:5)
  A necrophage (D:5)
  2 ogres
  A centaur (D:5)
  A crocodile (D:6)
  3 big kobolds (D:5)
  2 bullfrogs
  2 crimson imps (D:5)
  2 jellies (D:5)
  An orc wizard (D:5)
  3 orc priests
  A centaur skeleton (D:6)
  A hound (D:4)
  An iguana (D:5)
  2 worker ants (D:4)
  A worker ant zombie (D:5)
  7 adders
  6 gnolls (D:5)
  A shadow imp (D:5)
  2 oozes
  2 worms (D:3)
  3 dart slugs
  3 leopard geckos
  23 orcs
  5 bats
  6 giant cockroaches
  24 goblins
  18 hobgoblins
  7 jackals
  11 kobolds
  A quokka (D:3)
  2 frilled lizards (D:2)
  A jackal skeleton (D:6)
  A leopard gecko skeleton (D:4)
  12 rats
161 creatures vanquished.

Notes
Turn   | Place    | Note
-------+----------+-------------------------------------------
     0 | D:1      | Grinner the Spriggan Transmuter began the quest for the Orb.
     0 | D:1      | Reached XP level 1. HP: 9/9 MP: 5/5
   185 | D:1      | Reached skill level 1 in Fighting
   193 | D:1      | Reached skill level 1 in Short Blades
   451 | D:1      | Reached XP level 2. HP: 14/14 MP: 6/6
   711 | D:2      | Reached XP level 3. HP: 10/25 MP: 8/8
   719 | D:2      | Reached XP level 4. HP: 9/30 MP: 9/9
  1866 | D:3      | Reached XP level 5. HP: 18/34 MP: 10/10
  2553 | D:4      | Found Agudduyrru's Magic Scroll Emporium.
  2558 | D:4      | Bought a scroll of identify for 22 gold pieces
  2558 | D:4      | Bought a scroll of identify for 22 gold pieces
  2558 | D:4      | Bought a scroll of identify for 22 gold pieces
  2558 | D:4      | Bought a scroll of identify for 22 gold pieces
  2558 | D:4      | Bought a scroll of identify for 22 gold pieces
  2593 | D:4      | Reached XP level 6. HP: 37/39 MP: 8/11
  2829 | D:4      | Noticed mysticrevenge's ghost (weakling OgBe)
  2857 | D:5      | Entered Level 5 of the Dungeon
  2889 | D:5      | Reached skill level 5 in Dodging
  2943 | D:5      | Learned a level 3 spell: Spider Form
  3056 | D:5      | Noticed an ice beast
  3149 | D:6      | Reached XP level 7. HP: 42/42 MP: 12/12
  3212 | D:6      | Reached skill level 5 in Short Blades
  3219 | D:6      | Noticed a hill giant
  3221 | D:6      | Noticed a manticore
  4448 | D:5      | Reached XP level 8. HP: 37/47 MP: 13/13
  5145 | D:5      | Reached skill level 1 in Stealth
  5575 | D:4      | Noticed Eustachio
  5597 | D:4      | Killed Eustachio
  5992 | D:6      | Learned a level 5 spell: Blade Hands
  5997 | D:6      | Learned a level 4 spell: Ice Form
  6371 | D:7      | Gained mutation: Your magical capacity is low. (-10% MP) [potion of mutation]
  6371 | D:7      | Gained mutation: You have sharp toenails. [potion of mutation]
  6371 | D:7      | Lost mutation: Your magical capacity is low. (-10% MP) [potion of mutation]
  6372 | D:7      | Slain by a vampire

Skill      XL: |  1  2  3  4  5  6  7  8 |
---------------+-------------------------+-----
Fighting       | 1 7 |  7.6
Short Blades   | 1 2 3 4 6 7 |  7.2
Dodging        | 4 5 6 7 |  7.5
Transmutations | 3 |  3.6
Stealth        | 2 |  2.4
Spellcasting   | 3 |  3.3
Unarmed Combat | |  2.9

Action                   |  1- 3 |  4- 6 |  7- 9 || total
-------------------------+-------+-------+-------++-------
Melee: Dagger            |    45 |   157 |   345 ||   547
       Unarmed           |     2 |       |    29 ||    31
       Punch             |       |     2 |     5 ||     7
       Headbutt          |       |     2 |       ||     2
       Kick              |       |       |     1 ||     1
 Cast: Beastly Appendage |     1 |     2 |     1 ||     4
       Spider Form       |       |       |     4 ||     4
Evoke: Wand              |       |       |     6 ||     6
  Use: Potion            |     1 |       |     4 ||     5
       Scroll            |       |    17 |     2 ||    19
 Stab: Sleeping          |       |     2 |     4 ||     6
  Eat: Bread ration      |       |       |     1 ||     1
Armor: Robe              |     6 |    14 |    15 ||    35
       Skin              |       |       |     1 ||     1
Dodge: Dodged            |    41 |   121 |   285 ||   447
